 Dungeon Crawl Stone Soup version 0.15.1-4-gac8487e (webtiles) character file.

34111 Kex the Slicer (level 14, -30/88 HPs)
             Began as a Halfling Enchanter on Oct 14, 2014.
             Was an Initiate of Dithmenos.
             Shot with an arrow by a deep elf master archer (35 damage)
             ... created by the fury of Okawaru
             ... on Level 4 of the Lair of Beasts on Oct 15, 2014.
             The game lasted 03:22:23 (27596 turns).

Kex the Slicer (Halfling Enchanter)                Turns: 27596, Time: 03:22:23

HP -30/88        AC 16     Str 14      XL: 14   Next: 11%
MP  15/29        EV 29     Int 14      God: Dithmenos [......]
Gold 70          SH  6     Dex 24      Spells: 10 memorised,  0 levels left

rFire  . . .     SeeInvis .     T - +4 dagger (venom)
rCold  . . .     Clarity  .     s - +5 steam dragon armour
rNeg   . . .     rCorr    .     (no shield)
rPois  +         rRot     .     y - +0 helmet
rElec  .         Spirit   .     p - +0 cloak
SustAb +         Warding  .     I - +0 pair of gloves
rMut   .         Stasis   .     u - +1 pair of boots
Gourm  +                        w - amulet of the gourmand
MR     +....                    H - ring of poison resistance
                                i - ring of sustain abilities

@: mighty, agile, icy shield, very slightly contaminated, hasted, very quick,
somewhat resistant to hostile enchantments, extremely stealthy
A: mutation resistance 1
a: Renounce Religion


You were on level 4 of the Lair of Beasts.
You worshipped Dithmenos.
Dithmenos was noncommittal.
You were completely stuffed.

You visited 3 branches of the dungeon, and saw 18 of its levels.
You visited 1 bazaar.
You also visited: Ice Cave.

You collected 1060 gold pieces.
You spent 990 gold pieces at shops.

Inventory:

Hand weapons
 f - a +0 blowgun
 t - a +2 dagger of holy wrath
 C - a +0 hunting sling
 T - a +4 dagger of venom (weapon)
Missiles
 j - 7 exploding sling bullets
 k - 56 sling bullets
 l - 10 curare-tipped needles
 x - 89 poisoned needles
Armour
 p - a +0 cloak (worn)
 s - a +5 steam dragon armour (worn)
 u - a +1 pair of boots (worn)
 y - a +0 helmet (worn)
 B - the +0 leather armour of the New World {+Inv}
   (You found it on level 4 of the Dungeon)

   It lets you turn invisible.
 I - a +0 pair of gloves (worn)
Magical devices
 b - a wand of lightning (0)
 M - a wand of heal wounds (0)
 W - a wand of digging (12)
 X - a wand of disintegration (13)
Comestibles
 a - 5 rotting chunks of centaur flesh
 d - 9 bread rations
 v - 6 meat rations
 D - a royal jelly
 K - 2 beef jerkies
 L - 15 fruits
 S - 9 slices of pizza
Scrolls
 q - 4 scrolls of identify
 z - a scroll of amnesia
 G - 7 scrolls of remove curse
 Z - a scroll of magic mapping
Jewellery
 i - a ring of sustain abilities (left hand)
 w - an amulet of the gourmand (around neck)
 H - a ring of poison resistance (right hand)
Potions
 e - 3 potions of restore abilities
 o - a potion of cure mutation
 O - 2 potions of flight
 V - a potion of brilliance
Books
 Q - a book of Ice

   Spells                             Type                      Level
   *Metabolic Englaciation            Hexes/Ice                    5
   Ozocubu's Refrigeration            Ice                          6
   Bolt of Cold                       Conjuration/Ice              6
   Freezing Cloud                     Conjuration/Ice/Air          6
   Simulacrum                         Ice/Necromancy               6
 Y - a book of Frost

   Spells                             Type                      Level
   Freeze                             Ice                          1
   Throw Frost                        Conjuration/Ice              2
   *Ozocubu's Armour                  Charms/Ice                   3
   *Throw Icicle                      Conjuration/Ice              4
   Summon Ice Beast                   Ice/Summoning                4
   *Condensation Shield               Ice                          4
Miscellaneous
 J - a disc of storms
 U - a box of beasts


   Skills:
 + Level 5.4 Fighting
 + Level 11.7 Short Blades
 + Level 0.4(0.8) Slings
 + Level 1.0 Throwing
 + Level 4.0 Armour
 + Level 8.2 Dodging
 + Level 11.2 Stealth
 + Level 7.7 Spellcasting
 - Level 0.2 Conjurations
 + Level 9.3 Hexes
 + Level 1.3 Charms
 * Level 7.6 Ice Magic
 + Level 3.6 Evocations


You couldn't memorise any spells.
You knew the following spells:

 Your Spells              Type           Power        Failure   Level  Hunger
a - Corona                Hex            ####...      1%          1    None
b - Ensorcelled Hibernat  Hex/Ice        ####..       1%          2    None
c - Confuse               Hex            ####....     1%          3    ##.....
d - Sure Blade            Hex/Chrm       ###.......   2%          2    None
e - Throw Icicle          Conj/Ice       ###.....     30%         4    ####...
f - Regeneration          Chrm/Necr      #.........   30%         3    ##.....
g - Metabolic Englaciati  Hex/Ice        ####......   14%         5    #####..
h - Infusion              Chrm           #.....       10%         1    None
i - Condensation Shield   Ice            ####......   8%          4    ####...
j - Ozocubu's Armour      Chrm/Ice       ###.....     10%         3    ##.....


Dungeon Overview and Level Annotations

Branches:
Dungeon (13/15)            Temple (1/1) D:7             Orc (0/4) D:12
   Lair (4/8) D:10         Shoals (0/5) Lair:3
  Snake: Lair:3-6    Spider: Lair:3-6    Vaults: D:13-14

Altars:
Ashenzari
Cheibriados
Dithmenos
Elyvilon
Fedhas
Kikubaaqudgha
Makhleb
Nemelex Xobeh
Okawaru
Qazlal
Sif Muna
Trog
Vehumet
Xom
Yredelemnul
Zin
The Shining One

Shops:
D:4 *!}}   D:6 !   D:8 =((   D:11 }   D:13 [!:[[


Innate Abilities, Weirdness & Mutations

You are small and have problems with some larger weapons.
You are somewhat resistant to further mutation.


Message History

You miscast Regeneration.
Waves of light ripple over your body.
The deep elf master archer shoots an arrow.
The arrow hits you!
* * * LOW HITPOINT WARNING * * *
The arrow disappears in a puff of smoke!
You puncture the deep elf master archer!
The deep elf master archer is heavily wounded.
The deep elf master archer shoots an arrow.
The arrow completely misses you.
The arrow disappears in a puff of smoke!
The stone giant hits you.
* * * LOW HITPOINT WARNING * * *
You hit the deep elf master archer.
The deep elf master archer looks even sicker.
The deep elf master archer is heavily wounded.
You miss the deep elf master archer.
The deep elf master archer is heavily wounded.
The deep elf master archer shoots an arrow.
The arrow hits you!!
You die...

...$..#................≈≈≈≈P..≈≈≈
......#...#............PPP≈≈P≈≈≈≈
..........)......P..##PP≈≈≈PPP≈≈≈
.........≈≈≈≈≈≈..P#....≈PP≈≈≈P≈≈≈
.........≈####≈>.PP....≈P≈≈≈P≈≈≈≈
.........≈≈≈##≈.......♣≈≈≈≈≈≈≈≈≈≈
.........≈≈≈≈≈≈.C#....♣≈≈≈≈≈≈≈ ≈≈
...............Ce#####♣ ≈≈≈ ≈
#.##.########.##@# ## ### ######


You could see a fire giant, a stone giant and a deep elf master archer.

Vanquished Creatures
  A vault guard (D:13)
  3 hydras
  Erica (D:10)
  Nergalle (Lair:1)
  3 unseen horrors
  The ghost of teukkam the Ruffian, an experienced TrMo of Okawaru (D:9)
  4 hill giants (D:12)
  The ghost of Johnny the Chiller, an experienced DgIE (D:6)
  A griffon (Lair:3)
  2 ugly things
  A cyclops (D:11)
  3 manticores
  4 spiny frogs
  A black mamba (Lair:1)
  2 gargoyles (D:13)
  An item mimic (D:12)
  A komodo dragon (Lair:2)
  A troll (D:12)
  3 blink frogs (Lair:1)
  3 slime creatures (D:13)
  A shadow (D:12)
  24 yaks
  A deep elf mage (D:11)
  13 hippogriffs
  A human (D:13)
  4 wyverns
  3 hungry ghosts
  A hill giant skeleton (D:12)
  2 vampire mosquitoes (D:12)
  A deep elf fighter (D:13)
  2 wraiths (D:12)
  3 wargs (D:10)
  3 water moccasins
  8 wolves
  9 ogres
  2 porcupines
  The ghost of teukkam the Ruffian, an average TrMo (D:4)
  8 ice beasts
  2 necrophages
  A manticore zombie (D:13)
  5 orc warriors
  5 phantoms
  5 sky beasts
  9 crocodiles
  19 centaurs
  6 big kobolds
  13 giant frogs
  A water moccasin zombie (D:5)
  5 killer bees (D:13)
  6 scorpions
  2 troll zombies (D:12)
  11 wights
  An eye of draining (D:12)
  An electric eel (Lair:4)
  5 crimson imps
  2 goliath beetles
  A gnoll shaman (D:4)
  4 giant frog skeletons
  12 orc priests
  9 hounds
  6 jellies
  14 worker ants
  Natasha (D:5)
  6 iguanas
  14 orc wizards
  A polar bear simulacrum (IceCv)
  A wolf simulacrum (IceCv)
  A big kobold zombie (D:10)
  4 ogre zombies (D:12)
  A hound skeleton (D:7)
  A hound zombie (D:5)
  8 green rats
  A worker ant zombie (D:7)
  16 adders
  16 gnolls
  3 shadow imps
  12 white imps
  4 worms
  An adder skeleton (D:8)
  An ooze (D:2)
  43 orcs
  14 bats
  A bat skeleton (D:4)
  4 giant cockroaches
  19 hobgoblins
  4 giant geckos
  9 giant newts
  19 goblins
  5 goblin zombies
  4 hobgoblin skeletons
  3 hobgoblin zombies
  3 jackals (D:3)
  A jackal zombie (D:5)
  40 kobolds
  2 kobold skeletons (D:7)
  5 orc skeletons
  13 orc zombies
  7 quokkas
  22 rats
  A rat skeleton (D:4)
  4 ballistomycetes
585 creatures vanquished.

Vanquished Creatures (others)
  5 orcs
  2 giant spores
  A plant (D:13)
8 creatures vanquished.

Grand Total: 593 creatures vanquished

Notes
Turn   | Place    | Note
--------------------------------------------------------------
     0 | D:1      | Kex, the Halfling Enchanter, began the quest for the Orb.
     0 | D:1      | Reached XP level 1. HP: 11/11 MP: 2/2
   270 | D:1      | Found an iron altar of Okawaru.
   278 | D:1      | Reached XP level 2. HP: 10/17 MP: 1/3
   404 | D:1      | Learned a level 2 spell: Ensorcelled Hibernation
   994 | D:2      | Reached XP level 3. HP: 17/21 MP: 0/5
  1310 | D:1      | Became a worshipper of Warmaster Okawaru
  1479 | D:2      | Reached XP level 4. HP: 27/27 MP: 4/7
  2530 | D:3      | Reached XP level 5. HP: 27/31 MP: 3/9
  2663 | D:3      | Found a bloodstained altar of Trog.
  2664 | D:3      | Found a white marble altar of Elyvilon.
  2669 | D:3      | Found an iron altar of Okawaru.
  3076 | D:4      | Found Kuodgh's Distillery.
  3109 | D:4      | Bought a potion of might for 30 gold pieces
  3109 | D:4      | Bought a potion of heal wounds for 36 gold pieces
  3151 | D:4      | Found Prui's Gadget Shop.
  3158 | D:4      | Noticed an ogre
  3198 | D:4      | Noticed teukkam's ghost (average TrMo)
  3414 | D:3      | Learned a level 3 spell: Confuse
  3428 | D:3      | Killed an ogre
  3428 | D:3      | Reached skill level 4 in Stealth
  3428 | D:3      | Reached skill level 1 in Ice Magic
  3428 | D:3      | Reached XP level 6. HP: 6/36 MP: 7/11
  3901 | D:4      | Got a shimmering leather armour
  3912 | D:4      | Identified the +0 leather armour of the New World {+Inv} (You found it on level 4 of the Dungeon)
  3925 | D:4      | Reached XP level 7. HP: 39/42 MP: 5/13
  4204 | D:4      | Reached skill level 1 in Fighting
  4259 | D:4      | Killed teukkam's ghost
  4259 | D:4      | Acquired Okawaru's first power
  4450 | D:4      | Found Throroohyce's Gadget Boutique.
  4450 | D:4      | Noticed a phantom
  4596 | D:4      | Killed a phantom
  4596 | D:4      | Reached skill level 1 in Evocations
  5046 | D:4      | Reached skill level 5 in Stealth
  5121 | D:4      | Found Funuih's Assorted Antiques.
  5224 | D:4      | Reached XP level 8. HP: 48/48 MP: 12/15
  5247 | D:4      | Reached skill level 1 in Armour
  5347 | D:5      | Entered Level 5 of the Dungeon
  5669 | D:5      | Learned a level 2 spell: Sure Blade
  5673 | D:5      | Learned a level 3 spell: Dazzling Spray
  5935 | D:5      | Noticed Natasha
  5938 | D:5      | Killed Natasha
  5971 | D:5      | Reached skill level 5 in Short Blades
  6672 | D:6      | Reached skill level 6 in Stealth
  6689 | D:6      | Reached XP level 9. HP: 51/53 MP: 7/18
  6947 | D:6      | Noticed Johnny's ghost (experienced DgIE)
  6971 | D:6      | Killed Johnny's ghost
  6971 | D:6      | Reached skill level 5 in Hexes
  7156 | D:6      | Found Coethuu's Distillery.
  7183 | D:6      | Bought a potion of heal wounds for 42 gold pieces
  7183 | D:6      | Bought a potion of heal wounds for 42 gold pieces
  7586 | D:6      | Found a blossoming altar of Fedhas.
  7775 | D:7      | Reached skill level 7 in Short Blades
  8449 | D:7      | Reached XP level 10. HP: 60/60 MP: 14/21
  8871 | D:7      | Found a glowing golden altar of the Shining One.
  8973 | D:7      | Found a staircase to the Ecumenical Temple.
  9002 | Temple   | Entered the Ecumenical Temple
  9296 | D:8      | Found Ywnionu's Antique Weapon Emporium.
  9538 | D:8      | Found Hapic's Jewellery Boutique.
  9593 | D:8      | Reached skill level 8 in Short Blades
  9819 | D:8      | Found Moanolac's Antique Weapon Emporium.
 10318 | D:8      | Found an ancient bone altar of Kikubaaqudgha.
 10865 | D:9      | Reached skill level 5 in Spellcasting
 10964 | D:9      | Noticed teukkam's ghost (experienced TrMo)
 10987 | D:9      | Killed teukkam's ghost
 10987 | D:9      | Acquired Okawaru's second power
 11186 | D:9      | Reached XP level 11. HP: 64/68 MP: 11/23
 11645 | D:10     | Entered Level 10 of the Dungeon
 11827 | D:10     | Found a staircase to the Lair.
 11861 | D:10     | Reached skill level 9 in Short Blades
 11861 | D:10     | Reached skill level 5 in Dodging
 12258 | D:10     | Found a shadowy altar of Dithmenos.
 12265 | D:10     | Noticed Erica
 12293 | D:10     | Killed Erica
 12298 | D:10     | Learned a level 3 spell: Regeneration
 12721 | D:10     | Received a gift from Okawaru
 12722 | D:10     | Got a pitted plate armour {god gift}
 12733 | D:10     | Identified the -3 plate armour of Hide-and-Seek {Str+3} (Okawaru gifted it to you on level 10 of the Dungeon)
 13558 | D:8      | Bought an uncursed ring of poison resistance for 280 gold pieces
 13683 | Lair:1   | Entered Level 1 of the Lair of Beasts
 14203 | Lair:1   | Noticed Nergalle
 14909 | Lair:1   | Noticed a five-headed hydra
 15217 | D:11     | Found Khaoprasm's Gadget Emporium.
 15221 | D:11     | Noticed a cyclops
 15235 | D:11     | Reached XP level 12. HP: 34/75 MP: 25/25
 15511 | D:11     | Killed a cyclops
 15513 | D:11     | Reached skill level 10 in Short Blades
 15538 | D:11     | Killed an unseen horror
 15566 | D:11     | Found a flickering gateway to a bazaar.
 15599 | Bazaar   | Entered a bazaar
 15689 | Bazaar   | Found Icudet's Jewellery Boutique.
 15707 | Bazaar   | Found Uffanoaz's Antique Weapon Shoppe.
 15724 | Bazaar   | Found Mnenanka's Antique Weapon Boutique.
 15741 | Bazaar   | Found Ezxaj's Jewellery Emporium.
 16336 | D:11     | Noticed a purple ugly thing
 16389 | D:11     | Killed a purple ugly thing
 17598 | D:12     | Reached skill level 5 in Ice Magic
 17610 | D:12     | Found a staircase to the Orcish Mines.
 17675 | D:12     | Reached skill level 10 in Stealth
 18178 | D:12     | Received a gift from Okawaru
 18592 | D:12     | Reached skill level 11 in Short Blades
 19063 | D:12     | Reached skill level 5 in Fighting
 19182 | D:12     | Reached XP level 13. HP: 81/81 MP: 18/27
 20283 | D:13     | Found Arurr's Antique Armour Shoppe.
 20323 | D:13     | Found Psat's Antique Armour Emporium.
 20327 | D:13     | Found Ghintin's Book Shop.
 20629 | D:13     | Found Deadoocs' Distillery.
 20667 | D:13     | Noticed a vault guard
 20970 | D:13     | Learned a level 5 spell: Metabolic Englaciation
 20972 | D:13     | Learned a level 1 spell: Infusion
 21546 | D:13     | Found Wasmocek's Armour Boutique.
 21628 | D:13     | Noticed a vault guard
 21671 | D:13     | Reached skill level 1 in Throwing
 21707 | D:13     | Killed a vault guard
 21961 | D:13     | Noticed a vault guard
 22349 | Lair:1   | Killed a five-headed hydra
 22355 | Lair:1   | Reached skill level 1 in Charms
 22826 | Lair:1   | Killed Nergalle
 22826 | Lair:1   | Received a gift from Okawaru
 24195 | Lair:3   | Found a frozen archway.
 24661 | IceCv    | Entered an ice cave
 24689 | IceCv    | HP: 2/81 [alligator simulacrum (27)]
 25188 | Lair:3   | Found a staircase to the Shoals.
 25491 | Lair:3   | Reached XP level 14. HP: 88/88 MP: 26/29
 26951 | D:13     | Bought a book of Frost for 560 gold pieces
 26958 | D:13     | Learned a level 4 spell: Throw Icicle
 26963 | D:13     | Learned a level 4 spell: Condensation Shield
 26967 | D:13     | Learned a level 3 spell: Ozocubu's Armour
 27205 | D:10     | Fell from the grace of Okawaru
 27205 | D:10     | Became a worshipper of Dithmenos the Shadowed
 27581 | Lair:4   | Noticed a stone giant
 27581 | Lair:4   | Noticed a fire giant
 27581 | Lair:4   | Noticed a deep elf master archer
 27596 | Lair:4   | Shot with an arrow by a deep elf master archer

Action                   |  1- 3 |  4- 6 |  7- 9 | 10-12 | 13-15 || total
-------------------------+-------+-------+-------+-------+-------++-------
Melee: Dagger            |    55 |   181 |   285 |  1102 |   770 ||  2393
 Fire: Blowgun           |       |       |       |     2 |    10 ||    12
       Hunting sling     |       |       |       |       |     8 ||     8
Throw: Stone             |       |     7 |     2 |       |       ||     9
       Tomahawk          |       |       |       |    16 |     8 ||    24
 Cast: Corona            |    12 |    10 |    25 |    16 |     3 ||    66
       Ensorcelled Hiber |    12 |    27 |    52 |    54 |    58 ||   203
       Confuse           |       |     1 |    10 |   116 |    69 ||   196
       Dazzling Spray    |       |       |     1 |     1 |       ||     2
       Sure Blade        |       |       |       |     4 |    14 ||    18
       Regeneration      |       |       |       |     1 |     8 ||     9
       Metabolic Englaci |       |       |       |       |    17 ||    17
       Infusion          |       |       |       |       |     1 ||     1
       Ozocubu's Armour  |       |       |       |       |     1 ||     1
       Throw Icicle      |       |       |       |       |     1 ||     1
       Condensation Shie |       |       |       |       |     1 ||     1
Invok: Heroism           |       |       |       |       |     1 ||     1
 Abil: Evoke Invisibilit |       |       |     2 |    18 |       ||    20
Evoke: Wand              |       |     1 |    24 |    23 |    13 ||    61
       Box of beasts     |       |       |       |       |     1 ||     1
       Disc of storms    |       |       |       |       |     1 ||     1
  Use: Scroll            |     2 |       |    14 |    23 |    11 ||    50
       Potion            |     1 |     1 |       |    17 |    15 ||    34
 Stab: Sleeping          |    13 |    19 |    39 |    52 |    32 ||   155
       Invisible         |     1 |       |     2 |    33 |       ||    36
       Confused          |       |     2 |     5 |    60 |    26 ||    93
       Distracted        |       |       |     2 |     2 |     2 ||     6
  Eat: Chunk             |     3 |    30 |    18 |    53 |    42 ||   146
